 Dungeon Crawl Stone Soup version 0.26-a0-980-g0fe3eaa9ac (webtiles) character file.

Game seed: 5919037337323672395

18 siradein the Unweaver (level 2, -4/24 HPs)
             Began as a Demonspawn Abyssal Knight on Dec 6, 2020.
             Was a Follower of Lugonu.
             Killed by nerve-wracking pain
             ... invoked by Jessica
              (13 damage)
             ... on level 2 of the Dungeon.
             The game lasted 00:02:01 (1133 turns).

siradein the Unweaver (Demonspawn Abyssal Knight)   Turns: 1133, Time: 00:02:03

Health: -4/24      AC:  8    Str: 12    XL:     2   Next: 48%
Magic:  4/4        EV:  5    Int: 13    God:    Lugonu [*.....]
Gold:   61         SH:  0    Dex: 12    Spells: 1/1 levels left

rFire    . . .     SeeInvis .   a - +1 mace
rCold    . . .     Faith    .   (no shield)
rNeg     . . .     Spirit   .   j - +0 chain mail
rPois    .         Reflect  .   (helmet restricted)
rElec    .         Harm     .   (no cloak)
rCorr    .         Rampage  .   (no gloves)
MR       .....                  (no boots)
Stlth    ..........             (no amulet)
HPRegen  0.08/turn              (no ring)
MPRegen  0.09/turn              (no ring)

@: no status effects
A: antennae 1
a: Depart the Abyss, Renounce Religion


You were on level 2 of the Dungeon.
You worshipped Lugonu.
Lugonu was aware of your devotion.
You visited 1 branch of the dungeon, and saw 2 of its levels.
You visited the Abyss 1 time.

You collected 61 gold pieces.

Inventory:

Hand Weapons
 a - a +1 mace (weapon)
Armour
 j - a +0 chain mail (worn)
Wands
 l - a wand of random effects (16)
Scrolls
 b - 3 scrolls of teleportation {unknown}
 f - 2 scrolls of identify {unknown}
 g - 2 scrolls of fear {unknown}
Potions
 c - a potion of heal wounds {unknown}
 d - a potion of degeneration {unknown}
 e - a potion of attraction {unknown}
 h - 2 potions of curing {unknown}
 i - a potion of lignification {unknown}
 k - a potion of might {unknown}


   Skills:
 - Level 3.0 Fighting
 + Level 2.3 Maces & Flails
 - Level 1.7 Armour
 - Level 0.8 Dodging
 + Level 3.3 Invocations


You had one spell level left.
You didn't know any spells.
Your spell library was empty.

Dungeon Overview and Level Annotations

Branches:
Dungeon (2/15)

Altars:

Annotations:
D:2 Jessica


Innate Abilities, Weirdness & Mutations

You have a pair of small antennae on your head.


Message History

Pain shoots through your body!
You closely miss Jessica.
Jessica is heavily wounded.
Jessica hits you but does no damage. Jessica completely misses you.
You hit Jessica.
Jessica is severely wounded.
Jessica mumbles some strange words.
Jessica blinks!
The giant cockroach bites you but does no damage.
You sock the giant cockroach!
You kill the giant cockroach!
Lugonu accepts your kill. Jessica hits you.
You barely miss Jessica.
Jessica is severely wounded.
Jessica barely misses you. Jessica casts a spell at you.
Pain shoots through your body!
Ouch! That really hurt!
You die...

.... #..# #
#..#.# #..#.#
####
#..#.####
....##.......
.......w..#
#.# #@# #.#
#@# #.# #.#
#.####.###.#
#>.........#
######.#####
#.# #.# #.#
#.#


You could see a worm and Jessica (fast).

Vanquished Creatures
  2 giant cockroaches
  2 hobgoblins (D:1)
  3 kobolds (D:1)
  2 bats (D:1)
  2 frilled lizards (D:1)
  4 goblins (D:1)
  3 rats (D:1)
18 creatures vanquished.

Vanquished Creatures (others)
  A large abomination (Abyss:1)
  2 starspawn tentacles (Abyss:1)
3 creatures vanquished.

Grand Total: 21 creatures vanquished

Notes
Turn   | Place    | Note
-------+----------+-------------------------------------------
     0 | Abyss:1  | siradein the Demonspawn Abyssal Knight began the quest for
                  | the Orb.
     0 | Abyss:1  | Reached XP level 1. HP: 18/18 MP: 2/2
   165 | Abyss:1  | Noticed a stone giant skeleton
   168 | Abyss:1  | Killed a large abomination
   171 | Abyss:1  | Noticed a tentacled starspawn
   181 | D:1      | Escaped the Abyss
   423 | D:1      | Reached * piety under Lugonu
   584 | D:1      | Gained mutation: You have a pair of small antennae on your
                  | head. [demonic ancestry]
   584 | D:1      | Reached XP level 2. HP: 21/24 MP: 4/4
  1122 | D:2      | Noticed Jessica
  1133 | D:2      | Killed from afar by Jessica

Illustrated notes

Levels and vault maps discovered:
D:1:      ncdulo_smallfort, layout_rooms
D:2:      layout_loops_ring, kennysheep_slug_shrine, minmay_pentomino_pile,
          uniq_natasha, uniq_jessica

Skill      XL: |  1 |
---------------+----+-----
Maces & Flails | 2 |  2.3
Invocations    | 3 |  3.3
Fighting       | |  3.0
Armour         | |  1.7
Dodging        | |  0.8

Action                   || total
-------------------------++-------
Melee: Mace              ||    52
Invok: Depart the Abyss  ||     1
Armor: Leather armour    ||     9
       Chain mail        ||     7
Dodge: Dodged            ||    34

Table legend: (Time is in decaauts)
 A = Elapsed time spent in this place.
 B = Non-inter-level travel time spent in this place.
 C = Inter-level travel time spent in this place.
 D = Time resting spent in this place.
 E = Time spent auto-exploring this place.
 F = Levels seen in this place.
 G = Mean time per level.
                   A        B        C        D        E       F      G
               +--------+--------+--------+--------+--------+-----+--------+
         Total |   1147 |   1118 |     29 |      0 |    933 |   3 |  382.3 |
       Dungeon |    966 |    937 |     29 |      0 |    770 |   2 |  483.0 |
         Abyss |    181 |    181 |      0 |      0 |    163 |   1 |  181.0 |
               +--------+--------+--------+--------+--------+-----+--------+

Top non-repeatable levels by time:
     D:1: 891 daAuts
 Abyss:1: 181 daAuts
     D:2: 75 daAuts
